 Dungeon Crawl Stone Soup version 0.26.1-16-g4e020e15dc (webtiles) character file.

Game seed: 7813994566066598538

471 Zeor the Poker (level 6, 53/53 HPs)
             Began as a Draconian Berserker on Feb 2, 2021.
             Was a Believer of Trog.
             Quit the game on level 4 of the Dungeon on July 24, 2023.
             The game lasted 00:10:33 (4508 turns).

Zeor the Poker (Draconian Berserker)                Turns: 4508, Time: 00:10:34

Health: 53/53      AC:  6    Str: 20    XL:     6   Next: 83%
Magic:  6/6        EV: 13    Int:  7    God:    Trog [**....]
Gold:   223        SH:  0    Dex: 12    Spells: 5/5 levels left

rFire    . . .     SeeInvis .   a - +1 spear
rCold    . . .     Faith    .   (no shield)
rNeg     . . .     Spirit   .   (armour unavailable)
rPois    .         Reflect  .   (helmet restricted)
rElec    .         Harm     .   (no cloak)
rCorr    .         Rampage  .   (no gloves)
Will     .....                  (no boots)
Stlth    ++........             (no amulet)
HPRegen  0.17/turn              (no ring)
MPRegen  0.10/turn              (no ring)

@: no status effects
A: unfitting armour, cold-blooded, AC +6
a: Renounce Religion, Berserk, Trog's Hand


You were on level 4 of the Dungeon.
You worshipped Trog.
Trog was pleased with you.
You visited 1 branch of the dungeon, and saw 4 of its levels.

You collected 223 gold pieces.

Inventory:

Hand Weapons
 a - a +1 spear (weapon)
 k - a +0 scythe
 m - a +2 dagger of venom
Missiles
 c - 3 boomerangs (quivered)
 f - 6 javelins
 g - 25 bolts
Jewellery
 d - an uncursed ring of positive energy {unknown}
Wands
 o - a wand of paralysis (8)
Scrolls
 b - 2 scrolls of fog
 h - a scroll of enchant armour
 i - a scroll of enchant weapon
 l - 2 scrolls of remove curse
 n - 2 scrolls of identify
Potions
 e - 2 potions of curing
 j - a potion of cancellation


   Skills:
 + Level 4.5 Fighting
 * Level 6.4 Polearms
 + Level 0.2 Throwing
 + Level 3.5 Dodging
 + Level 1.8 Stealth


You had 5 spell levels left.
You didn't know any spells.
Your spell library was empty.

Dungeon Overview and Level Annotations

Branches:
Dungeon (4/15)
 Temple: D:4-7

Altars:
Ashenzari
Gozag
Hepliaklqana
Uskayaw


Innate Abilities, Weirdness & Mutations

Your plain brown scales are hard. (AC +6)
You cannot fit into any form of body armour.
You are cold-blooded and may be slowed by cold attacks.


Message History

You feel a strong urge to attack something.
You start resting.
You feel your anger nearly subside.
You start resting.
You are no longer berserk.
You are exhausted.
You feel yourself slow down.
You start resting.
You feel yourself speed up.
You start resting.
You recover from your berserk rage.
You start resting.
HP restored.
You see here a leather armour.
You now have 223 gold pieces (gained 7).
Found a scroll of amnesia.
Welcome back, Zeor the Draconian Berserker.
Trog says: Kill them all!
Press ? for a list of commands and other information.
Are you sure you want to abandon this character and quit the game? (Confirm with "yes".)

▒▒▒▒∙▒∙∙∙∙▒∙▒∙▒
▒∙∙∙▒∙∙∙∙▒∙▒∙▒
▒∙▒▒▒∙∙∙∙▒ ▒∙▒
▒∙▒ ▒∙∙∙∙▒∙▒∙▒
▒∙▒ ▒∙∙∙∙▒∙▒∙▒▒
▒∙▒ ▒∙▒▒∙∙∙∙∙∙∙
▒∙▒ ▒∙▒▒▒▒∙▒∙▒∙
▒▒▒▒▒▒▒▒▒▒∙▒
▒∙∙∙∙∙∙▒∙▒∙
?∙∙∙$∙∙d∙∙∙▒
▒▒∙∙∙∙[∙∙▒
▒▒▒▒▒▒▒▒▒▒▒▒
▒∙∙∙∙∙∙∙▒
▒∙∙∙∙∙∙∙▒
▒∙∙∙∙∙∙∙▒▒
▒∙∙∙∙∙∙∙∙∙
▒∙∙∙∙∙∙∙▒▒
▒∙∙∙∙∙∙∙▒
▒∙∙∙∙∙∙∙▒
▒∙∙∙∙∙∙∙▒


There were no monsters in sight!

Vanquished Creatures
  Sigmund (D:3)
  An ogre (D:4)
  A scorpion (D:4)
  Terence (D:2)
  2 worker ants (D:4)
  4 adders
  An ooze (D:1)
  2 worms
  2 leopard geckos
  7 bats
  2 giant cockroaches
  6 goblins
  3 hobgoblins
  8 jackals
  4 kobolds
  A quokka (D:4)
  A ball python skeleton (D:4)
  3 frilled lizards
  6 rats
56 creatures vanquished.

Notes
Turn   | Place    | Note
-------+----------+-------------------------------------------
     0 | D:1      | Zeor the Draconian Berserker began the quest for the Orb.
     0 | D:1      | Reached XP level 1. HP: 19/19 MP: 1/1
     0 | D:1      | Noticed a ghoul
     0 | D:1      | Noticed a gargoyle
     4 | D:1      | Noticed a troll
     6 | D:1      | Noticed a gargoyle
    11 | D:1      | Noticed a vampire
    11 | D:1      | Noticed an elf
    13 | D:1      | Noticed an octopode
    14 | D:1      | Noticed a draconian
    15 | D:1      | Noticed a dwarf
    17 | D:1      | Noticed an elf
    17 | D:1      | Noticed a vine stalker
    19 | D:1      | Noticed a spriggan
   362 | D:1      | Reached XP level 2. HP: 26/26 MP: 2/2
  1326 | D:2      | Reached XP level 3. HP: 29/31 MP: 3/3
  1593 | D:2      | Noticed Terence
  1612 | D:2      | Killed Terence
  1613 | D:2      | Reached skill level 4 in Polearms
  1892 | D:2      | Reached ** piety under Trog
  2224 | D:3      | Found a broken altar of Ashenzari.
  2286 | D:3      | Reached XP level 4. HP: 34/40 MP: 4/4
  2385 | D:3      | Found an opulent altar of Gozag.
  2542 | D:3      | Noticed Sigmund
  2553 | D:3      | Killed Sigmund
  2554 | D:3      | Reached skill level 5 in Polearms
  2554 | D:3      | Reached skill level 1 in Stealth
  2554 | D:3      | Reached XP level 5. HP: 46/46 MP: 5/5
  2739 | D:3      | Reached XP level 6. HP: 52/52 MP: 6/6
  3938 | D:4      | Reached skill level 6 in Polearms
  3988 | D:4      | Found a hide-covered altar of Uskayaw.
  3988 | D:4      | Found a hazy altar of Hepliaklqana.
  4508 | D:4      | Upgraded the game from 0.26.0-57-g60708a5e39 to
                  | 0.26.1-16-g4e020e15dc
  4508 | D:4      | Quit the game

Illustrated notes

Levels and vault maps discovered:
D:1:      shiori_arrival_whats_in_store_for_you, layout_basic, serial_forest,
          infiniplex_forest_clump_diagonal, infiniplex_forest_fountain,
          infiniplex_forest_clump_C, infiniplex_forest_corner_1,
          infiniplex_forest_lined_3_way, infiniplex_forest_lined_2,
          infiniplex_forest_straight_3, infiniplex_forest_straight_2,
          infiniplex_forest_clump_curved, infiniplex_forest_clump_diagonal
D:2:      layout_basic, uniq_terence
D:3:      layout_loops_corners, ashenzari_conservatory_becter,
          marbit_many_paths, uniq_sigmund
D:4:      layout_basic, chequers_temple_overflow_statue_of_worship

Skill      XL: |  1  2  3  4  5  6 |
---------------+-------------------+-----
Dodging        | 3 |  3.5
Polearms       | 4 5 6 |  6.4
Fighting       | 4 |  4.5
Stealth        | 1 |  1.8
Throwing       | |  0.2

Action                   |  1- 3 |  4- 6 || total
-------------------------+-------+-------++-------
Melee: Spear             |   107 |   118 ||   225
       Tailslap          |     9 |    14 ||    23
Throw: Boomerang         |     1 |     3 ||     4
Invok: Berserk           |       |     4 ||     4
  Use: Scroll            |     6 |     3 ||     9
 Stab: Sleeping          |     2 |     6 ||     8
Armor: Skin              |    15 |    14 ||    29
Dodge: Dodged            |    49 |    36 ||    85
